[Event "ICC tourney 2533 (25 5)"]
[Site "Internet Chess Club"]
[Date "2021.04.24"]
[Round "2"]
[White "LI, AUSTIN:K09-16606238"]
[Black "KATSMAN, DAVID:K09-14958088"]
[Result "0-1"]
[ICCResult "White checkmated"]
[WhiteElo "1204"]
[BlackElo "1900"]
[Opening "KGA: Abbazia defense, modern variation"]
[ECO "C31"]
[NIC "KG.04"]
[Time "13:14:07"]
[PlyCount "96"]
[TimeControl "1500+5"]

1. e4 e5 2. f4 d5 3. exd5 exf4 4. Nf3 Nf6 5. Nc3 Nxd5 6. Nxd5 Qxd5 7. d4
Bd6 8. c4 Qe4+ 9. Qe2 Bb4+ 10. Bd2 Bxd2+ 11. Nxd2 Qxe2+ 12. Bxe2 Nc6 13.
Nb3 a5 14. a4 Nb4 15. O-O O-O 16. Rxf4 b6 17. Raf1 Bd7 18. Ra1 Nc2 19. Ra2
Rfe8 20. Kf2 Re7 21. c5 Rae8 22. Bf3 Nb4 23. Ra1 Nd3+ 24. Kg3 Nxf4 25. Kxf4
Re3 26. Nd2 h6 27. cxb6 g5+ 28. Kg3 cxb6 29. b3 g4 30. Rc1 gxf3 31. gxf3
Rd3 32. Ne4 Rxe4 33. Kf2 Rexd4 34. Ke2 Rd2+ 35. Ke3 R4d3+ 36. Ke4 Be6 37.
f4 Rxb3 38. f5 Bd5+ 39. Ke5 Re3+ 40. Kd6 Be6+ 41. Kc7 Bxf5 42. Kxb6 Re5 43.
Kc6 Be4+ 44. Kb6 Rd6+ 45. Kc7 Ra6 46. Kd7 Ree6 47. Rc7 Rad6+ 48. Kc8 Re8# {
White checkmated } 0-1

[Event "ICC tourney 2533 (25 5)"]
[Site "Internet Chess Club"]
[Date "2021.04.24"]
[Round "2"]
[White "ZIESLER, GAVIN:K09-16208172"]
[Black "LASKOV, BENJAMIN:K09-16080648"]
[Result "0-1"]
[ICCResult "White checkmated"]
[WhiteElo "364"]
[BlackElo "927"]
[Opening "Giuoco Pianissimo"]
[ECO "C50"]
[NIC "IG.02"]
[Time "13:12:31"]
[PlyCount "104"]
[TimeControl "1500+5"]

1. e4 e5 2. Nf3 Nc6 3. Bc4 Bc5 4. d3 Nf6 5. O-O O-O 6. Bg5 h6 7. Bh4 d6 8.
Bxf6 Qxf6 9. Nc3 Bg4 10. a3 a6 11. b4 Bd4 12. Qd2 Bxf3 13. gxf3 Qh4 14.
Rab1 Ne7 15. Nd5 Ng6 16. c3 Ba7 17. Rfc1 Nf4 18. Nxf4 exf4 19. d4 c5 20.
bxc5 dxc5 21. d5 b5 22. Be2 c4 23. Bd1 Rae8 24. Bc2 Re5 25. d6 Rg5+ 26. Kf1
Rd8 27. Rd1 Rxd6 28. Qe2 Rdg6 29. Rd8+ Kh7 30. Ke1 Rg4 31. fxg4 Rxg4 32.
e5+ g6 33. Rbd1 f3 34. Qxf3 Rf4 35. Bxg6+ Kxg6 36. Rg8+ Kh7 37. Qxf4 Qxf4
38. Rg2 Qe4+ 39. Kf1 Qc2 40. Rd7 Qc1+ 41. Ke2 Qc2+ 42. Rd2 Qe4+ 43. Kf1 h5
44. Re2 Qb1+ 45. Re1 Qd3+ 46. Kg1 h4 47. Rg4 h3 48. Rg3 Qf5 49. Rd1 Qxf2+
50. Kh1 Qf5 51. Rd6 Qe4+ 52. Rf3 Qxf3# { White checkmated } 0-1

[Event "ICC tourney 2533 (25 5)"]
[Site "Internet Chess Club"]
[Date "2021.04.24"]
[Round "2"]
[White "V V SHI, ROGER:K09-16191192"]
[Black "EDWARD COOKE, OLIVER:K09-15797018"]
[Result "1-0"]
[ICCResult "Black checkmated"]
[WhiteElo "1572"]
[BlackElo "964"]
[Opening "Sicilian: accelerated fianchetto, modern variation with Bc4"]
[ECO "B35"]
[NIC "SI.33"]
[Time "13:13:29"]
[PlyCount "49"]
[TimeControl "1500+5"]

1. e4 c5 2. Nf3 Nc6 3. d4 cxd4 4. Nxd4 g6 5. Nc3 Bg7 6. Be3 Nf6 7. Bc4 O-O
8. Bb3 d6 9. f3 Qb6 10. Nf5 Qc7 11. Nxg7 Kxg7 12. Qd2 Kg8 13. Bh6 Re8 14.
h4 Bd7 15. h5 Nxh5 16. Rxh5 Kh8 17. Bg7+ Kxg7 18. Qh6+ Kf6 19. Nd5+ Ke6 20.
Nxc7+ Kf6 21. Nd5+ Ke6 22. Nc7+ Kf6 23. Qf4+ Kg7 24. Qxf7+ Kh8 25. Rxh7# {
Black checkmated } 1-0

[Event "ICC tourney 2533 (25 5)"]
[Site "Internet Chess Club"]
[Date "2021.04.24"]
[Round "2"]
[White "C JOURA, JOHN:K09-16650651"]
[Black "DONHAM, WILLIAM:K09-15747455"]
[Result "0-1"]
[ICCResult "White checkmated"]
[WhiteElo "994"]
[BlackElo "1583"]
[Opening "Ruy Lopez: Anderssen variation"]
[ECO "C77"]
[NIC "RL.12"]
[Time "13:14:10"]
[PlyCount "114"]
[TimeControl "1500+5"]

1. e4 e5 2. Nf3 Nc6 3. Bb5 a6 4. Ba4 Nf6 5. d3 b5 6. Bb3 Be7 7. Be3 O-O 8.
Nbd2 d6 9. h3 Na5 10. O-O c5 11. c3 Nxb3 12. axb3 Re8 13. d4 Bf8 14. dxe5
dxe5 15. c4 Bb7 16. cxb5 axb5 17. Qc2 Qc7 18. Rac1 Rac8 19. Rfe1 Qc6 20.
Bg5 h6 21. Bxf6 Qxf6 22. Qc3 Bd6 23. Nh2 Bb8 24. Ng4 Qd6 25. Nf3 c4 26. b4
h5 27. Rcd1 Qe7 28. Ngh2 Bd6 29. Re2 Bxb4 30. Qc2 Red8 31. Rxd8+ Rxd8 32.
g4 Rd3 33. gxh5 f5 34. Re3 Bxe4 35. Rxd3 Bxd3 36. Qd1 Qc5 37. Ne1 e4 38.
Nxd3 cxd3 39. Kg2 Qc2 40. Qa1 Qa4 41. Qxa4 bxa4 42. Kf1 Kf7 43. f3 Bd6 44.
fxe4 Bxh2 45. exf5 Kf6 46. Ke1 Bf4 47. Kd1 Kxf5 48. h4 Kg4 49. h6 gxh6 50.
h5 Kxh5 51. Ke1 Kg4 52. Kd1 h5 53. Ke1 Kf3 54. Kd1 h4 55. b3 a3 56. b4 a2
57. Ke1 a1=Q# { White checkmated } 0-1

[Event "ICC tourney 2533 (25 5)"]
[Site "Internet Chess Club"]
[Date "2021.04.24"]
[Round "2"]
[White "Y OH, JAMES:K09-15146868"]
[Black "SUN, YIMENG:K09-16513258"]
[Result "1-0"]
[ICCResult "Black checkmated"]
[WhiteElo "2034"]
[BlackElo "1323"]
[Opening "Giuoco Pianissimo"]
[ECO "C50"]
[NIC "IG.02"]
[Time "13:16:00"]
[PlyCount "71"]
[TimeControl "1500+5"]

1. e4 e5 2. Nf3 Nc6 3. Bc4 Bc5 4. d3 h6 5. c3 d6 6. a4 Nf6 7. b4 Nxb4 8.
cxb4 Bxb4+ 9. Bd2 Bc5 10. h3 O-O 11. O-O Bd7 12. d4 exd4 13. Qc2 Re8 14.
Re1 c6 15. Bd3 Bb6 16. a5 Bc5 17. Qb2 b6 18. a6 b5 19. Bf4 d5 20. e5 Nh5
21. Bh2 f6 22. Bg6 Re7 23. Bxh5 Be8 24. Bg4 Bg6 25. Nh4 Bf7 26. e6 Be8 27.
Nd2 g5 28. Nf5 Rh7 29. e7 Qb6 30. Nb3 Bg6 31. Re6 Bxf5 32. e8=Q+ Rxe8 33.
Rxe8+ Kf7 34. Bxf5 Rg7 35. Qe2 d3 36. Qe6# { Black checkmated } 1-0

[Event "ICC tourney 2533 (25 5)"]
[Site "Internet Chess Club"]
[Date "2021.04.24"]
[Round "2"]
[White "MYASNIKOV, YELIZAVETA:K09-16896083"]
[Black "ALEXANDER NIEUWERBURGH, PAUL:K09-15847117"]
[Result "0-1"]
[ICCResult "White checkmated"]
[WhiteElo "367"]
[BlackElo "1496"]
[Opening "Sicilian: Hungarian variation"]
[ECO "B27"]
[NIC "SI.43"]
[Time "13:13:47"]
[PlyCount "60"]
[TimeControl "1500+5"]

1. e4 c5 2. Nf3 g6 3. Nc3 Bg7 4. Bc4 Nc6 5. O-O d6 6. d3 Nf6 7. Bg5 O-O 8.
Nd5 Nxd5 9. exd5 Na5 10. b3 Bxa1 11. Qxa1 f6 12. Bf4 a6 13. Qe1 b5 14. b4
cxb4 15. Qe4 bxc4 16. dxc4 Bf5 17. Qd4 Bxc2 18. Bh6 Rf7 19. Nh4 b3 20. Ra1
Rb8 21. Qg4 b2 22. f4 bxa1=Q+ 23. Kf2 Qb6+ 24. Kf3 Bd1+ 25. Kg3 Bxg4 26.
Kxg4 f5+ 27. Nxf5 Rxf5 28. g3 Qd1+ 29. Kh3 Rh5+ 30. Kg2 Qb2# { White
checkmated } 0-1

[Event "ICC tourney 2533 (25 5)"]
[Site "Internet Chess Club"]
[Date "2021.04.24"]
[Round "2"]
[White "PANDE, NAYONIKA:K09-16097936"]
[Black "PAN, KEVIN:K09-14740822"]
[Result "0-1"]
[ICCResult "White resigns"]
[WhiteElo "1404"]
[BlackElo "2260"]
[Opening "QGD: exchange, positional line"]
[ECO "D35"]
[NIC "QO.16"]
[Time "13:12:31"]
[PlyCount "62"]
[TimeControl "1500+5"]

1. d4 d5 2. c4 e6 3. Nc3 Nf6 4. cxd5 exd5 5. Bg5 Be7 6. Nf3 Nbd7 7. e3 c6
8. Bd3 Nf8 9. Bh4 Ng6 10. Bxf6 Bxf6 11. Qc2 Bg4 12. Nd2 O-O 13. f3 Bd7 14.
O-O-O b5 15. a3 a5 16. a4 b4 17. Ne2 Qe8 18. e4 c5 19. Bb5 Bxb5 20. axb5
Qxb5 21. Nb3 cxd4 22. Nbxd4 Qb7 23. Kb1 a4 24. b3 axb3 25. Nxb3 dxe4 26.
fxe4 Qa7 27. Kc1 Rac8 28. Qxc8 Rxc8+ 29. Kd2 Qa2+ 30. Ke1 Qxb3 31. e5 Nxe5
{ White resigns } 0-1

[Event "ICC tourney 2533 (25 5)"]
[Site "Internet Chess Club"]
[Date "2021.04.24"]
[Round "2"]
[White "TRAN, NUGEN:K09-16809941"]
[Black "KAPLAN, AVI:K09-15263943"]
[Result "0-1"]
[ICCResult "White resigns"]
[WhiteElo "1350"]
[BlackElo "2116"]
[Opening "Benoni defense"]
[ECO "A56"]
[NIC "OI.06"]
[Time "13:12:23"]
[PlyCount "64"]
[TimeControl "1500+5"]

1. d4 Nf6 2. c4 c5 3. e3 e6 4. Nc3 cxd4 5. exd4 b6 6. Nf3 Bb7 7. Bd3 d5 8.
O-O dxc4 9. Bxc4 Bd6 10. Bb5+ Nbd7 11. Bg5 O-O 12. Bxd7 Qxd7 13. Bxf6 gxf6
14. Re1 Rad8 15. Ne4 Be7 16. Qd2 f5 17. Neg5 h6 18. Nxe6 fxe6 19. Qxh6 Bf6
20. Rxe6 Bxf3 21. Rxf6 Rxf6 22. Qxf6 Bd5 23. Qg5+ Kf7 24. Re1 Rg8 25. Qh5+
Rg6 26. Qh7+ Rg7 27. Qh5+ Kf8 28. Re5 Rxg2+ 29. Kf1 Qb5+ 30. Ke1 Rg1+ 31.
Kd2 Qxb2+ 32. Ke3 Qc3+ { White resigns } 0-1

[Event "ICC tourney 2533 (25 5)"]
[Site "Internet Chess Club"]
[Date "2021.04.24"]
[Round "2"]
[White "SATHISH, PRANAV:K09-16464655"]
[Black "MA, JUSTIN:K09-17058248"]
[Result "1-0"]
[ICCResult "Black checkmated"]
[WhiteElo "1768"]
[BlackElo "1111"]
[Opening "Queen's pawn, Mason variation"]
[ECO "D00"]
[NIC "QP.08"]
[Time "13:12:09"]
[PlyCount "113"]
[TimeControl "1500+5"]

1. d4 d5 2. Bf4 Nc6 3. e3 Nf6 4. Nf3 Bf5 5. c3 g6 6. Bd3 Ne4 7. Qc2 Bg7 8.
Nbd2 Nd6 9. e4 dxe4 10. Nxe4 O-O 11. Nxd6 Bxd3 12. Qxd3 exd6 13. O-O Re8
14. Qd2 Qf6 15. Rfe1 Ne7 16. Bg5 Qf5 17. Rxe7 Rxe7 18. Bxe7 Re8 19. Bg5 f6
20. Be3 Re4 21. Qd3 Rg4 22. Qxf5 gxf5 23. h3 Re4 24. Re1 Kf7 25. Bd2 d5 26.
Kf1 Kg6 27. Rxe4 fxe4 28. Nh4+ Kh5 29. Nf5 Kg6 30. Nxg7 Kxg7 31. Bf4 c6 32.
Ke2 Kg6 33. Ke3 Kf5 34. g4+ Ke6 35. f3 exf3 36. Kxf3 f5 37. gxf5+ Kxf5 38.
h4 Kg6 39. Bb8 a6 40. Kg4 h5+ 41. Kf4 Kf6 42. Ba7 Ke6 43. Kg5 Kf7 44. Kxh5
Kg7 45. Kg5 Kh7 46. h5 Kg7 47. h6+ Kh7 48. Bb8 b6 49. Be5 b5 50. b4 a5 51.
bxa5 b4 52. cxb4 c5 53. bxc5 Kg8 54. Kg6 Kf8 55. h7 Ke7 56. h8=Q Ke6 57.
Qe8# { Black checkmated } 1-0

[Event "ICC tourney 2533 (25 5)"]
[Site "Internet Chess Club"]
[Date "2021.04.24"]
[Round "2"]
[White "MUTHUKUMAR, HAARI:K09-17128308"]
[Black "REISS, AIDEN:K09-16581243"]
[Result "0-1"]
[ICCResult "White resigns"]
[WhiteElo "1152"]
[BlackElo "1853"]
[Opening "Sicilian: Najdorf, Opocensky variation"]
[ECO "B92"]
[NIC "SI.11"]
[Time "13:11:26"]
[PlyCount "72"]
[TimeControl "1500+5"]

1. e4 c5 2. Nf3 d6 3. d4 cxd4 4. Nxd4 Nf6 5. Nc3 a6 6. Be2 e5 7. Nb3 Be7 8.
Be3 Be6 9. O-O O-O 10. f3 Nbd7 11. Qd2 b5 12. a4 b4 13. Nd5 Bxd5 14. exd5
Nb6 15. Bxb6 Qxb6+ 16. Kh1 a5 17. Bb5 Nh5 18. g3 f5 19. Bd3 Qb7 20. Be2 Rf6
21. f4 Rh6 22. Bxh5 Rxh5 23. fxe5 dxe5 24. Rad1 Ra6 25. Qe2 Rah6 26. Nxa5
Rxh2+ 27. Qxh2 Rxh2+ 28. Kxh2 Qa6 29. Nc6 Qe2+ 30. Kh3 Qg4+ 31. Kg2 Bd6 32.
Rd3 e4 33. Rb3 f4 34. Nd4 f3+ 35. Nxf3 Qxg3+ 36. Kh1 exf3 { White resigns }
0-1

[Event "ICC tourney 2533 (25 5)"]
[Site "Internet Chess Club"]
[Date "2021.04.24"]
[Round "2"]
[White "LIU, BOWEN:K09-15459900"]
[Black "HAUSER, EVAN:K09-16622553"]
[Result "1-0"]
[ICCResult "Black checkmated"]
[WhiteElo "1941"]
[BlackElo "1231"]
[Opening "French: advance, Paulsen attack"]
[ECO "C02"]
[NIC "FR.03"]
[Time "13:11:51"]
[PlyCount "147"]
[TimeControl "1500+5"]

1. e4 e6 2. d4 d5 3. e5 c5 4. c3 Nc6 5. Nf3 Nge7 6. a3 Nf5 7. b4 cxd4 8.
cxd4 a6 9. Bb2 Be7 10. Bd3 Qb6 11. O-O Bd7 12. Bc2 a5 13. Bxf5 exf5 14. Nc3
axb4 15. Nxd5 Qd8 16. Nxe7 Qxe7 17. d5 Nd8 18. d6 Qe6 19. axb4 Rxa1 20.
Qxa1 O-O 21. Ng5 Qg6 22. f4 Bc6 23. Qe1 h6 24. Nf3 Ne6 25. Qd2 Qg4 26. Nd4
Nxd4 27. Bxd4 h5 28. Bc5 h4 29. h3 Qg3 30. Qf2 Qb3 31. Qxh4 Ra8 32. Qg5 Qd5
33. Kh2 Ra2 34. Rg1 Qe4 35. d7 Bxd7 36. Qd8+ Kh7 37. Qxd7 Qxf4+ 38. Kh1
Qxe5 39. Qxb7 Kg6 40. Qb6+ f6 41. Qd6 Qe4 42. Qg3+ Kf7 43. Qf3 Qe5 44. Qb3+
Qe6 45. Qxe6+ Kxe6 46. Rd1 g5 47. b5 Rb2 48. b6 f4 49. Rd6+ Ke5 50. Rd7 Ke6
51. Rc7 f3 52. gxf3 Kf5 53. b7 Kf4 54. Rf7 Kg3 55. b8=Q+ Rxb8 56. Bd6+ Kxf3
57. Rxf6+ Ke4 58. Bxb8 Ke3 59. Rg6 Ke4 60. Rxg5 Kf3 61. h4 Ke4 62. h5 Kf3
63. h6 Ke4 64. h7 Kf3 65. h8=R Ke4 66. Bh2 Kf3 67. Rf8+ Ke4 68. Re5+ Kd4
69. Rd8+ Kc4 70. Re7 Kb5 71. Rc7 Kb6 72. Rb8+ Ka6 73. Rc1 Ka7 74. Ra1# {
Black checkmated } 1-0

[Event "ICC tourney 2533 (25 5)"]
[Site "Internet Chess Club"]
[Date "2021.04.24"]
[Round "2"]
[White "TAMMALI, VAISHNAVI:K09-15025561"]
[Black "BALAMURUGAN, ABHIJAY:K09-16913354"]
[Result "1/2-1/2"]
[ICCResult "Game drawn by mutual agreement"]
[WhiteElo "1620"]
[BlackElo "1026"]
[Opening "Ruy Lopez: classical defense, 4.c3"]
[ECO "C64"]
[NIC "RL.01"]
[Time "13:13:53"]
[PlyCount "100"]
[TimeControl "1500+5"]

1. e4 e5 2. Nf3 Nc6 3. Bb5 Bc5 4. c3 Nf6 5. d4 exd4 6. cxd4 Bb4+ 7. Nc3 O-O
8. Bg5 Bxc3+ 9. bxc3 d6 10. O-O Bg4 11. Qd3 Re8 12. d5 Bxf3 13. Qxf3 Ne5
14. Qf5 c6 15. dxc6 bxc6 16. Be2 Re6 17. Rfd1 Qe8 18. Rd4 h6 19. Bxf6 Rxf6
20. Qh3 c5 21. Rd5 Ng6 22. Qe3 Nf4 23. Rd2 Nxe2+ 24. Qxe2 Re6 25. f3 f5 26.
Re1 fxe4 27. fxe4 Qe7 28. Qc4 Re8 29. Qd5 Kh8 30. Rde2 Re5 31. Qd3 d5 32.
Rd2 Rxe4 33. Rxe4 dxe4 34. Qe3 Qb7 35. Re2 Qb1+ 36. Re1 Qxa2 37. Qxc5 Qd2
38. Qe3 Qxe3+ 39. Rxe3 Kg8 40. Kf2 Kf7 41. Kg3 Kf6 42. Kf4 a5 43. Rxe4 g5+
44. Kf3 Rc8 45. c4 a4 46. Ke3 a3 47. Kd3 a2 48. Re1 Rb8 49. Ra1 Rb2 50. c5
Ke5 { Game drawn by mutual agreement } 1/2-1/2

[Event "ICC tourney 2533 (25 5)"]
[Site "Internet Chess Club"]
[Date "2021.04.24"]
[Round "2"]
[White "ETHAN CHONG, JOSHUA:K09-15110220"]
[Black "HENDERSON, SAMUEL:K09-16605523"]
[Result "1-0"]
[ICCResult "Black checkmated"]
[WhiteElo "1869"]
[BlackElo "541"]
[Opening "QGA, 4.e3"]
[ECO "D25"]
[NIC "QG.08"]
[Time "13:11:29"]
[PlyCount "105"]
[TimeControl "1500+5"]

1. d4 d5 2. c4 dxc4 3. Nf3 Nf6 4. e3 Nc6 5. Bxc4 Bg4 6. Be2 e6 7. O-O Bd6
8. Nc3 Bxf3 9. Bxf3 O-O 10. g3 e5 11. dxe5 Bxe5 12. Qe2 Bxc3 13. bxc3 Qd7
14. Ba3 Rfd8 15. Rfd1 Qh3 16. Bg2 Rxd1+ 17. Rxd1 Qg4 18. Qd2 Qa4 19. Bb2
Qxa2 20. Bxc6 h6 21. Bg2 Qe6 22. Qd4 c6 23. c4 Qe7 24. Qd6 Qxd6 25. Rxd6
Re8 26. Bxf6 gxf6 27. Rxf6 Kg7 28. Rd6 Re5 29. Rd7 a5 30. Rxb7 Rc5 31. Rb6
Rxc4 32. Bxc6 a4 33. Bd5 Rc3 34. Ra6 a3 35. Kf1 Rd3 36. Ra5 Kf6 37. Ke2 Rc3
38. Kd2 a2 39. Kxc3 a1=Q+ 40. Rxa1 Ke5 41. Bf3 f5 42. Ra5+ Kf6 43. Kd4 Kg5
44. h4+ Kg6 45. Ra6+ Kg7 46. Ke5 h5 47. Kxf5 Kh7 48. Kg5 Kg7 49. Ra7+ Kf8
50. Bc6 Kg8 51. Kg6 Kf8 52. Bb5 Kg8 53. Ra8# { Black checkmated } 1-0

[Event "ICC tourney 2533 (25 5)"]
[Site "Internet Chess Club"]
[Date "2021.04.24"]
[Round "2"]
[White "CHIEN EN LIM, TIMOTHY:K09-16139198"]
[Black "KALE, SHUBHAM:K09-15358846"]
[Result "1-0"]
[ICCResult "Black checkmated"]
[WhiteElo "1846"]
[BlackElo "1157"]
[Opening "Robatsch (modern) defense"]
[ECO "B06"]
[NIC "KF.05"]
[Time "13:12:47"]
[PlyCount "125"]
[TimeControl "1500+5"]

1. e4 g6 2. d4 Bg7 3. Nf3 d6 4. h3 Nd7 5. c3 c5 6. Be3 b6 7. Nbd2 Bb7 8.
Bd3 Rb8 9. O-O Ngf6 10. Re1 O-O 11. d5 a6 12. Nh2 b5 13. f4 c4 14. Bc2 Nc5
15. Ng4 Nfd7 16. Nf3 Qc7 17. Bd4 Nf6 18. Nxf6+ Bxf6 19. Bxf6 exf6 20. Qd4
Nd7 21. Kh1 Qc5 22. Rad1 Qxd4 23. Rxd4 Rfe8 24. a4 Nb6 25. a5 Nd7 26. g4
Kh8 27. Kg2 Rg8 28. e5 fxe5 29. fxe5 Nxe5 30. Nxe5 dxe5 31. Rxe5 Rge8 32.
Rxe8+ Rxe8 33. Bd1 Rd8 34. Bf3 Kg8 35. d6 Bxf3+ 36. Kxf3 Rd7 37. Ke4 f6 38.
Kd5 Kf7 39. Kc6 Ke8 40. Kb6 Kd8 41. Kxa6 Kc8 42. Kxb5 Rb7+ 43. Kc6 Rd7 44.
Re4 Kd8 45. Re7 Rxe7 46. dxe7+ Kxe7 47. a6 f5 48. gxf5 gxf5 49. a7 f4 50.
a8=Q f3 51. Qa1 f2 52. Qf1 h6 53. Qxf2 h5 54. Qh4+ Kf7 55. Qxh5+ Ke6 56.
Qg6+ Ke5 57. h4 Kf4 58. h5 Ke5 59. h6 Kf4 60. h7 Ke5 61. h8=Q+ Kf4 62. Qd4+
Kf3 63. Qgg4# { Black checkmated } 1-0

[Event "ICC tourney 2533 (25 5)"]
[Site "Internet Chess Club"]
[Date "2021.04.24"]
[Round "2"]
[White "JAIN, LAKSH:K09-16802026"]
[Black "GUERRERIO, CHRISTOPHER:K09-16206065"]
[Result "1-0"]
[ICCResult "Black resigns"]
[WhiteElo "1097"]
[BlackElo "530"]
[Opening "Giuoco Piano"]
[ECO "C53"]
[NIC "IG.02"]
[Time "13:13:06"]
[PlyCount "125"]
[TimeControl "1500+5"]

1. e4 e5 2. Nf3 Nc6 3. Bc4 Bc5 4. c3 d6 5. O-O Bg4 6. h3 Bxf3 7. Qxf3 Nf6
8. d3 O-O 9. Bg5 Nb8 10. Bxf6 Qxf6 11. Qxf6 gxf6 12. Nd2 Nd7 13. Nf3 Nb6
14. Bb3 Rfd8 15. d4 exd4 16. cxd4 Bb4 17. Rac1 Rac8 18. Bc2 d5 19. a3 dxe4
20. Bxe4 Bd6 21. Bxb7 Rb8 22. Be4 Nc4 23. Rxc4 Rxb2 24. Ra4 Re2 25. Bf5 Ra8
26. Bg4 Ra2 27. Re1 Rb8 28. Rxa7 Rb3 29. a4 Rba3 30. Bd7 Ra1 31. Kf1 R1a2
32. Nh4 Bb4 33. Rd1 Rc3 34. Nf5 h5 35. Ne7+ Kf8 36. Nd5 Rcc2 37. Ne3 Rxf2+
38. Kg1 Rae2 39. Rf1 Rxf1+ 40. Nxf1 Re1 41. Rxc7 Bd2 42. Rc8+ Kg7 43. Kf2
Rd1 44. Ke2 Re1+ 45. Kxd2 Rxf1 46. Ke2 Rg1 47. Kf2 Rd1 48. Rc4 Rd2+ 49. Kg3
Rd3+ 50. Kh2 Kf8 51. Bc6 Ke7 52. d5 Kd6 53. Rf4 Ke5 54. Rh4 Kd6 55. Rxh5
Rd2 56. Rh8 f5 57. a5 f4 58. Kg1 Rd1+ 59. Kf2 Ke5 60. a6 Ke4 61. Re8+ Kf5
62. a7 Rd2+ 63. Re2 { Black resigns } 1-0

[Event "ICC tourney 2533 (25 5)"]
[Site "Internet Chess Club"]
[Date "2021.04.24"]
[Round "2"]
[White "MICHAEL JONES, RILEY:K09-16250692"]
[Black "FISCHER, LUCAS:K09-17258553"]
[Result "1-0"]
[ICCResult "Black checkmated"]
[WhiteElo "940"]
[BlackElo "385"]
[Opening "Scandinavian (center counter) defense"]
[ECO "B01"]
[NIC "SD.02"]
[Time "13:47:00"]
[PlyCount "43"]
[TimeControl "1500+5"]

1. e4 d5 2. exd5 Qxd5 3. Nc3 Qe5+ 4. Qe2 Qxe2+ 5. Bxe2 Nc6 6. Nf3 Nf6 7.
O-O Be6 8. Bb5 a6 9. Bxc6+ bxc6 10. d4 g5 11. Bxg5 Bd5 12. Nxd5 Nxd5 13. c4
Nb4 14. a3 Nc2 15. Rac1 Nxd4 16. Nxd4 Rg8 17. Bf4 Rd8 18. Nxc6 Rc8 19. Rfd1
Rg6 20. Na7 Ra8 21. Bxc7 Rxa7 22. Rd8# { Black checkmated } 1-0

[Event "ICC tourney 2533 (25 5)"]
[Site "Internet Chess Club"]
[Date "2021.04.24"]
[Round "2"]
[White "KHATRI, AARUSHI:K09-17005313"]
[Black "SAI POTHURI, ABHIRAM:K09-15560780"]
[Result "1-0"]
[ICCResult "Black checkmated"]
[WhiteElo "354"]
[BlackElo "1948"]
[Opening "Queen's bishop game"]
[ECO "A45"]
[NIC "QP.07"]
[Time "13:13:01"]
[PlyCount "71"]
[TimeControl "1500+5"]

1. d4 Nf6 2. Bf4 d5 3. Nf3 e6 4. h3 c5 5. e3 Nc6 6. c3 Bd6 7. Ne5 O-O 8.
Nd2 Ne7 9. Bd3 Ng6 10. Nxg6 hxg6 11. Bg5 Be7 12. h4 Nd7 13. Bxe7 Qxe7 14.
h5 f5 15. hxg6 Qg5 16. Qf3 Qxg6 17. Qf4 c4 18. Be2 Nf6 19. Nf3 Ng4 20. Ne5
Nxe5 21. dxe5 Bd7 22. Bh5 Qh6 23. Bf7+ Rxf7 24. Rxh6 gxh6 25. Ke2 Rh7 26.
Rh1 Kg7 27. g4 Rf8 28. gxf5 Rxf5 29. Qh4 Bc6 30. Qe7+ Rf7 31. Qxe6 d4 32.
Rg1+ Kf8 33. exd4 h5 34. Qd6+ Ke8 35. Rg8+ Rf8 36. Rxf8# { Black checkmated
} 1-0

[Event "ICC tourney 2533 (25 5)"]
[Site "Internet Chess Club"]
[Date "2021.04.24"]
[Round "2"]
[White "BALU, JAYANTH:K09-15760188"]
[Black "ZHAO, CALEB:K09-17115255"]
[Result "1-0"]
[ICCResult "Black resigns"]
[WhiteElo "940"]
[BlackElo "402"]
[Opening "English: Carls' Bremen system"]
[ECO "A22"]
[NIC "EO.10"]
[Time "13:13:53"]
[PlyCount "59"]
[TimeControl "1500+5"]

1. c4 e5 2. Nc3 Nf6 3. g3 Nc6 4. Bg2 d6 5. Nf3 Be7 6. O-O O-O 7. d4 Re8 8.
a3 Bf5 9. d5 Na5 10. b3 Nxb3 11. Qxb3 Qd7 12. Qxb7 Rab8 13. Qxa7 Ra8 14.
Qb7 Rab8 15. Qc6 Qxc6 16. dxc6 Ng4 17. Nd5 Bg5 18. Bxg5 Nf6 19. Nxf6+ gxf6
20. Bxf6 Be4 21. Ng5 Bxg2 22. Kxg2 Rbd8 23. Bxd8 Rxd8 24. Rab1 Kg7 25. Rb7
h6 26. Ne4 Rg8 27. Rxc7 Rh8 28. Nxd6 e4 29. Nxf7 Rh7 30. Ng5+ { Black
resigns } 1-0

[Event "ICC tourney 2533 (25 5)"]
[Site "Internet Chess Club"]
[Date "2021.04.24"]
[Round "2"]
[White "MAHESHWARI, JAYANT:K09-14966376"]
[Black "CHEN, RYAN:K09-15881198"]
[Result "0-1"]
[ICCResult "White resigns"]
[WhiteElo "2059"]
[BlackElo "1333"]
[Opening "Caro-Kann: advance variation"]
[ECO "B12"]
[NIC "CK.04"]
[Time "13:14:11"]
[PlyCount "86"]
[TimeControl "1500+5"]

1. e4 c6 2. d4 d5 3. e5 Bf5 4. Nf3 e6 5. Be2 Nd7 6. O-O h6 7. Nbd2 Ne7 8.
Nb3 Bh7 9. Bd2 Ng6 10. a4 c5 11. Nxc5 Nxc5 12. dxc5 Bxc5 13. Bb5+ Kf8 14.
b4 Be7 15. a5 Bg5 16. Nxg5 hxg5 17. Re1 Rc8 18. Rc1 Kg8 19. Qg4 Nf4 20.
Bxf4 gxf4 21. c4 a6 22. Ba4 dxc4 23. Qxf4 Bd3 24. Red1 Rh4 25. Qf3 Rc7 26.
Rc3 Rd4 27. Rdc1 Be4 28. Qe3 Bd3 29. h3 Re4 30. Qg3 g6 31. Kh2 Re7 32. Bd1
Qd4 33. Bf3 Rxe5 34. Bd1 Rd5 35. Bf3 Re5 36. Bd1 Rf5 37. Bf3 Qf4 38. Qxf4
Rxf4 39. Bd1 Rxf2 40. Bb3 cxb3 41. Rxd3 b2 42. Rb1 Rc7 43. Rb3 Rcc2 { White
resigns } 0-1

[Event "ICC tourney 2533 (25 5)"]
[Site "Internet Chess Club"]
[Date "2021.04.24"]
[Round "2"]
[White "HUSTON, GUS:K09-14921551"]
[Black "TATINENI, AASHRITH:K09-16429723"]
[Result "1-0"]
[ICCResult "Black checkmated"]
[WhiteElo "2243"]
[BlackElo "1398"]
[Opening "Four knights: Scotch, 4...exd4"]
[ECO "C47"]
[NIC "KP.06"]
[Time "13:12:07"]
[PlyCount "65"]
[TimeControl "1500+5"]

1. e4 e5 2. Nf3 Nc6 3. Nc3 Nf6 4. d4 exd4 5. Nxd4 d6 6. Bc4 Be7 7. O-O O-O
8. h3 h6 9. Re1 Bd7 10. f4 Nxd4 11. Qxd4 Bc6 12. Kh1 a6 13. a4 Nh7 14. Nd5
Bxd5 15. Qxd5 Rb8 16. c3 Nf6 17. Qd3 Nh7 18. Be3 Ra8 19. Rad1 Bf6 20. Bb3
Qc8 21. Bc2 g6 22. e5 dxe5 23. fxe5 Bg7 24. Bb3 Rd8 25. Qxg6 Rxd1 26. Qxf7+
Kh8 27. Rxd1 Qf8 28. e6 Qxf7 29. exf7 Bf8 30. Rd7 Rc8 31. Bd4+ Bg7 32.
f8=Q+ Rxf8 33. Bxg7# { Black checkmated } 1-0

[Event "ICC tourney 2533 (25 5)"]
[Site "Internet Chess Club"]
[Date "2021.04.24"]
[Round "2"]
[White "MURUGAN AYYAPPAN, ADHIRAIYAN:K09-16024678"]
[Black "HUANG, BRIAN:K09-15187606"]
[Result "0-1"]
[ICCResult "White checkmated"]
[WhiteElo "1309"]
[BlackElo "2017"]
[Opening "Queen's pawn, Mason variation"]
[ECO "D00"]
[NIC "QP.08"]
[Time "13:11:43"]
[PlyCount "104"]
[TimeControl "1500+5"]

1. d4 d5 2. Bf4 Nf6 3. e3 e6 4. Nf3 Bd6 5. Bg3 O-O 6. Bd3 c5 7. c3 Qc7 8.
Nbd2 Nbd7 9. Qe2 Bxg3 10. hxg3 e5 11. dxe5 Nxe5 12. Nxe5 Qxe5 13. Nf3 Qc7
14. Rd1 Bg4 15. Qc2 h6 16. Bf5 Rfe8 17. Bxg4 Nxg4 18. O-O Rad8 19. Qf5 Ne5
20. Nxe5 Rxe5 21. Qf4 Qe7 22. Qh4 Kf8 23. Qxe7+ Kxe7 24. Rd2 Re6 25. Rfd1
Red6 26. Kf1 f5 27. f4 Ke6 28. Ke2 h5 29. b3 a6 30. a3 b6 31. Kf3 g6 32. b4
Rb8 33. c4 Rbd8 34. bxc5 bxc5 35. Re2 dxc4 36. Rc1 Rd1 37. Rxc4 Rf1+ 38.
Rf2 Rxf2+ 39. Kxf2 Kd5 40. Rc1 Rb8 41. Kf3 Rb3 42. Ra1 c4 43. a4 a5 44.
Rd1+ Rd3 45. Rb1 c3 46. Rb5+ Kc4 47. Rxa5 c2 48. Ra8 Rc3 49. Rc8+ Kb3 50.
Rb8+ Ka3 51. a5 c1=Q 52. a6 Qf1# { White checkmated } 0-1